 Dungeon Crawl Stone Soup version 0.30-b1-2-g02819fbbbe (webtiles) character file.

Game seed: 7185219100189218200

5702 iucounu the Basher (level 10, 0/79 HPs)
             Began as a Gnoll Wanderer on May 19, 2023.
             Was an Elder of Nemelex Xobeh.
             Slain by a wyvern (10 damage)
             ... on level 9 of the Dungeon.
             The game lasted 00:56:42 (7878 turns).

iucounu the Basher (Gnoll Wanderer)                 Turns: 7878, Time: 00:56:43

Health: 0/79       AC: 12    Str: 25    XL:     10   Next: 76%
Magic:  19/19      EV: 13    Int:  9    God:    Nemelex Xobeh [****..]
Gold:   296        SH:  0    Dex: 11    Spells: 18/22 levels left

rFire   . . .        D - +2 flail (drain)
rCold   . . .        G - orb {light}
rNeg    . . .        c - +2 leather armour
rPois   .            A - +1 helmet
rElec   .            e - +2 cloak
rCorr   .            (no gloves)
SInv    .            p - +0 pair of boots
Will    .....        y - amulet of magic regeneration
Stlth   +            C - +6 ring of strength
HPRegen 0.33/turn    v - ring of flight
MPRegen 0.56/turn

%: no passive effects
@: flying, glowing
A: fangs 1, strong nose, distributed training
a: Renounce Religion, Draw Escape, Draw Destruction, Draw Summoning, Triple
Draw, Deal Four


You were on level 9 of the Dungeon.
You worshipped Nemelex Xobeh.
Nemelex Xobeh was greatly pleased with you.
You visited 2 branches of the dungeon, and saw 12 of its levels.

You collected 752 gold pieces.
You spent 456 gold pieces at shops.

Inventory:

Hand Weapons
 a - a +3 mace
 k - a +1 spear of flaming
 m - a +0 trident
 o - a +3 dagger
 u - a +2 dagger of draining
 B - a +0 falchion
 D - a +2 flail of draining (weapon)
 E - the +1 hand axe of the Slime-mould {protect, rElec rF- rN++}
   (You found it on level 5 of the Dungeon)

   rF:        It makes you vulnerable to fire.
   rElec:     It insulates you from electricity.
   rN:        It greatly protects you from negative energy.
 H - a +0 dire flail
 L - a +2 dagger of draining
 M - a +3 dagger
 O - a +2 mace of freezing
 P - a +1 dagger
 Q - a +4 scimitar
 T - a +0 flail of protection
Missiles
 K - 3 throwing nets
Armour
 c - a +2 leather armour (worn)
 e - a +2 cloak (worn)
 g - the +1 ring mail of Vampiric Thralls {Str+3}
   (You bought it in a shop on level 9 of the Dungeon)

   Str:       It affects your strength (+3).
 h - a +0 chain mail
 p - a +0 pair of boots (worn)
 t - a +0 tower shield
 A - a +1 helmet (worn)
 G - an orb of light (worn)
 N - a +0 robe of fire resistance
 U - a +1 robe of cold resistance
Jewellery
 f - a ring of poison resistance
 v - a ring of flight (right hand)
 w - a ring of magical power
 y - an amulet of magic regeneration (around neck)
 C - a +6 ring of strength (left hand)
 S - a +6 ring of dexterity
Wands
 i - a wand of quicksilver (10)
 J - a wand of polymorph (5)
Scrolls
 d - a scroll of noise
 s - 4 scrolls of poison
 F - a scroll of amnesia
 I - 3 scrolls of blinking
Potions
 b - a potion of invisibility
 j - 3 potions of attraction
 l - a potion of mutation {unknown}
 n - a potion of ambrosia {unknown}
 q - 2 potions of flight {unknown}
 r - 5 potions of curing
 x - 2 potions of might
 z - a potion of haste {unknown}
 R - a potion of berserk rage {unknown}
Miscellaneous
 V - a condenser vane


   Skills:
 + Level 7.4 Fighting
 + Level 5.8 Short Blades
 + Level 5.8 Long Blades
 + Level 5.8 Axes
 + Level 10.3 Maces & Flails
 + Level 5.8 Polearms
 + Level 5.8 Staves
 + Level 5.8 Ranged Weapons
 + Level 5.8 Throwing
 + Level 5.8 Armour
 + Level 5.8 Dodging
 + Level 5.8 Stealth
 + Level 5.8 Shields
 + Level 5.8 Unarmed Combat
 + Level 6.5 Spellcasting
 + Level 7.3 Conjurations
 + Level 4.8 Hexes
 + Level 4.8 Summonings
 + Level 4.8 Necromancy
 + Level 4.8 Translocations
 + Level 4.8 Transmutations
 + Level 4.8 Fire Magic
 + Level 4.8 Ice Magic
 + Level 4.8 Air Magic
 + Level 4.8 Earth Magic
 + Level 4.8 Poison Magic
 + Level 6.3 Invocations
 + Level 5.8 Evocations


You had 18 spell levels left.
You knew the following spells:

 Your Spells              Type           Power      Damage    Failure   Level
a - Magic Dart            Conj           64%        1d6       1%          1
b - Stone Arrow           Conj/Erth      26%        3d8       6%          3

Your spell library contained the following spells:

 Spells                   Type           Power      Damage    Failure   Level
 Beastly Appendage        Tmut           22%        N/A       3%          1
 Ensorcelled Hibernation  Hex/Ice        22%        N/A       4%          2
 Wereblood                Tmut           11%        N/A       4%          2
 Hailstorm                Conj/Ice       13%        3d5       6%          3
 Inner Flame              Hex/Fire       11%        N/A       10%         3
 Spider Form              Tmut/Pois      11%        N/A       10%         3
 Manifold Assault         Tloc           11%        N/A       32%         4
 Yara's Violent Unravell  Hex/Tmut       5%         3d4       65%         5
 Dispersal                Tloc           5%         N/A       99%         6
 Enfeeble                 Hex            5%         N/A       100%        7
 Disjunction              Tloc           5%         N/A       100%        8


Dungeon Overview and Level Annotations

Branches:
Dungeon (10/15)            Temple (0/1) D:7            Lair (0/5) D:10
    Orc (2/2) D:9             Elf (0/3) Orc:2

Altars:
Nemelex Xobeh

Shops:
D:7 *   D:8 *   D:9 [

Annotations:
D:6 1 runed translucent door, Crazy Yiuf


Innate Abilities, Weirdness & Mutations

You have very sharp teeth.
Your uncanny sense of smell can sniff out nearby items.
Your experience applies equally to all skills.


Message History

The wyvern bites you.
The water moccasin attacks as you move away!
The water moccasin bites you. The yak barely misses you.
The yak snorts and paws the ground.
The water moccasin bites you but does no damage.
There is an escape hatch in the floor here.
The wyvern attacks as you move away! The wyvern barely misses you. x2
The wyvern attacks as you move away! The wyvern closely misses you.
The wyvern attacks as you move away! The wyvern bites you!
The water moccasin bites you.
You are poisoned.
The water moccasin poisons you! The wyvern barely misses you.
You feel very sick. The wyvern bites you. The yak attacks as you move away!
The yak gores you but does no damage.
You feel sick. The water moccasin closely misses you.
The basilisk hisses menacingly.
The wyvern bites you but does no damage.
The water moccasin misses you. The yak attacks as you move away!
The yak gores you.
You feel sick. The wyvern attacks as you move away! The wyvern bites you.
You feel sick. The wyvern closely misses you.
You feel sick.
You feel sick. The wyvern bites you.
You feel sick.
You feel sick. The wyvern misses you.
There is a stone staircase leading up here.
You feel sick.
You are no longer poisoned.
The wyvern bites you!
* * * LOW HITPOINT WARNING * * *
You fly upwards.
There is a stone staircase leading down here.
You sock the wyvern!
The wyvern is moderately wounded.
The wyvern bites you but does no damage.
The wyvern attacks as you move away! The wyvern barely misses you.
The wyvern bites you!
You die...
Your body glows slightly brighter and disappears.

#..........#.....####..........
##.................#...........
#..#..#.......................
#####...........##........?...
###............).##...........
##.......#.........#...........
#..............................
##....#.......l................
##.####).....@................
####..[.^....###.............
#....####..................
#.................)........
##..<...#..........<........
#...........##......[.......
#...........#...............
######................))........
##..#.#..........##..###)........


You could see a wyvern.

Vanquished Creatures
  2 wyverns (D:10)
  A warg (Orc:1)
  A water moccasin (D:10)
  5 orc warriors
  A black bear (D:4)
  2 ice beasts (D:8)
  2 centaurs
  3 ogres
  2 phantoms
  3 bullfrogs
  A gnoll sergeant (D:7)
  2 scorpions (D:7)
  5 wights (D:8)
  2 howler monkeys (D:9)
  2 hounds (D:6)
  7 orc priests
  A gnoll bouda (D:7)
  A jelly (D:7)
  3 orc wizards
  Ijyb (D:5)
  A sleepcap (D:7)
  10 gnolls
  4 adders
  5 white imps
  2 worms
  7 dart slugs
  9 orcs
  3 ball pythons
  10 endoplasms
  2 giant cockroaches (D:2)
  4 goblins
  9 hobgoblins
  7 kobolds
  2 quokkas
  4 bats
  A frilled lizard (D:3)
  6 rats
133 creatures vanquished.

Vanquished Creatures (collateral kills)
  Nergalle (Orc:1)
  2 wargs
  Duvessa (D:6)
  2 black bears
  6 orc warriors
  2 ogres
  Blork the orc (Orc:1)
  A gnoll sergeant (Orc:1)
  A scorpion (D:6)
  Dowan (D:6)
  A jelly (D:6)
  3 orc priests (Orc:1)
  A hound (D:6)
  2 gnoll boudas
  6 orc wizards
  9 gnolls
  An adder (D:6)
  A white imp (D:6)
  A dart slug (D:3)
  10 orcs
  2 ball pythons
  A bat (D:2)
  An endoplasm (D:4)
  2 giant cockroaches
  2 goblins
  A hobgoblin (D:3)
  2 kobolds
  A quokka (D:3)
  2 rats (D:3)
67 creatures vanquished.

Vanquished Creatures (others)
  6 fungi
  12 plants (D:10)
18 creatures vanquished.

Grand Total: 218 creatures vanquished

Notes
Turn   | Place    | Note
-------+----------+-------------------------------------------
     0 | D:1      | iucounu the Gnoll Wanderer began the quest for the Orb.
     0 | D:1      | iucounu set off with the following items: a +3 mace, a
                  | potion of invisibility, a +0 leather armour; and the
                  | following spell memorised: Magic Dart; and the following
                  | spells available to memorise: Stone Arrow.
     0 | D:1      | Reached XP level 1. HP: 20/20 MP: 4/4
    84 | D:1      | Reached XP level 2. HP: 26/26 MP: 3/5
   397 | D:1      | Found a faded altar of an unknown god.
   401 | D:1      | Prayed at the altar of an unknown god.
   401 | D:1      | Became a worshipper of Nemelex Xobeh the Trickster
   401 | D:1      | Reached * piety under Nemelex Xobeh
   490 | D:1      | Reached XP level 3. HP: 28/31 MP: 0/7
   594 | D:1      | Received a gift from Nemelex Xobeh
   871 | D:2      | Reached skill level 1 in Invocations
  1119 | D:2      | Reached skill level 1 in Short Blades
  1119 | D:2      | Reached skill level 1 in Long Blades
  1119 | D:2      | Reached skill level 1 in Axes
  1119 | D:2      | Reached skill level 1 in Polearms
  1119 | D:2      | Reached skill level 1 in Staves
  1119 | D:2      | Reached skill level 1 in Ranged Weapons
  1119 | D:2      | Reached skill level 1 in Throwing
  1119 | D:2      | Reached skill level 1 in Armour
  1119 | D:2      | Reached skill level 1 in Dodging
  1119 | D:2      | Reached skill level 1 in Stealth
  1119 | D:2      | Reached skill level 1 in Shields
  1119 | D:2      | Reached skill level 1 in Unarmed Combat
  1119 | D:2      | Reached skill level 1 in Evocations
  1271 | D:2      | Reached XP level 4. HP: 29/38 MP: 6/8
  1442 | D:2      | Received a gift from Nemelex Xobeh
  1791 | D:3      | Found Qomyun's Assorted Antiques.
  1819 | D:3      | Reached ** piety under Nemelex Xobeh
  1826 | D:3      | Reached skill level 1 in Hexes
  1826 | D:3      | Reached skill level 1 in Summonings
  1826 | D:3      | Reached skill level 1 in Necromancy
  1826 | D:3      | Reached skill level 1 in Translocations
  1826 | D:3      | Reached skill level 1 in Transmutations
  1826 | D:3      | Reached skill level 1 in Fire Magic
  1826 | D:3      | Reached skill level 1 in Ice Magic
  1826 | D:3      | Reached skill level 1 in Air Magic
  1826 | D:3      | Reached skill level 1 in Earth Magic
  1826 | D:3      | Reached skill level 1 in Poison Magic
  1838 | D:3      | Noticed a black bear
  1840 | D:3      | Killed a black bear
  1841 | D:3      | Reached XP level 5. HP: 43/43 MP: 9/9
  2076 | D:3      | Got Aclylic's Vellum of the Icicle
  2281 | D:4      | Reached XP level 6. HP: 50/50 MP: 11/11
  2475 | D:4      | Reached skill level 5 in Fighting
  2585 | D:4      | Noticed a black bear
  2595 | D:4      | Killed a black bear
  2612 | D:4      | Reached XP level 7. HP: 53/56 MP: 6/12
  2975 | D:5      | Entered Level 5 of the Dungeon
  3275 | D:5      | Noticed Ijyb
  3293 | D:5      | Killed Ijyb
  3343 | D:5      | Received a gift from Nemelex Xobeh
  3369 | D:5      | Reached skill level 9 in Maces & Flails
  3664 | D:5      | Identified the +1 hand axe of the Slime-mould {protect,
                  | rElec rF- rN++}
  3703 | D:6      | Reached *** piety under Nemelex Xobeh
  3744 | D:6      | Reached XP level 8. HP: 63/63 MP: 14/14
  4275 | D:6      | Noticed Dowan
  4276 | D:6      | Noticed Duvessa
  4283 | D:6      | Killed Duvessa
  4284 | D:6      | Killed Dowan
  4445 | D:6      | Found a runed translucent door.
  4446 | D:6      | Noticed Crazy Yiuf
  4584 | D:7      | Received a gift from Nemelex Xobeh
  4640 | D:7      | Found Paigh's Assorted Antiques.
  4662 | D:7      | Reached XP level 9. HP: 63/69 MP: 16/16
  4673 | D:7      | Bought 3 scrolls labelled NUXZIOWK HURPH for 72 gold pieces
  4673 | D:7      | Bought a wand of polymorph (5) for 168 gold pieces
  4746 | D:7      | Reached skill level 5 in Spellcasting
  5134 | D:7      | Found a staircase to the Ecumenical Temple.
  5744 | D:8      | Found Citziagiz's General Store.
  5752 | D:8      | Reached **** piety under Nemelex Xobeh
  5767 | D:8      | Learned a level 3 spell: Stone Arrow
  5813 | D:8      | Reached skill level 5 in Invocations
  6170 | D:9      | Received a gift from Nemelex Xobeh
  6634 | D:9      | Received a gift from Nemelex Xobeh
  6667 | D:9      | Found Luece's Antique Armour Shoppe.
  6759 | D:9      | Found a staircase to the Orcish Mines.
  6951 | Orc:1    | Entered Level 1 of the Orcish Mines
  6988 | Orc:1    | Reached skill level 5 in Short Blades
  6988 | Orc:1    | Reached skill level 5 in Long Blades
  6988 | Orc:1    | Reached skill level 5 in Axes
  6988 | Orc:1    | Reached skill level 5 in Polearms
  6988 | Orc:1    | Reached skill level 5 in Staves
  6988 | Orc:1    | Reached skill level 5 in Ranged Weapons
  6988 | Orc:1    | Reached skill level 5 in Throwing
  6988 | Orc:1    | Reached skill level 5 in Armour
  6988 | Orc:1    | Reached skill level 5 in Dodging
  6988 | Orc:1    | Reached skill level 5 in Stealth
  6988 | Orc:1    | Reached skill level 5 in Shields
  6988 | Orc:1    | Reached skill level 5 in Unarmed Combat
  6988 | Orc:1    | Reached skill level 5 in Evocations
  6988 | Orc:1    | Reached XP level 10. HP: 46/77 MP: 18/18
  6997 | Orc:1    | Reached skill level 10 in Maces & Flails
  7176 | Orc:1    | Noticed Nergalle
  7185 | Orc:1    | Killed Nergalle
  7200 | Orc:1    | Noticed a +8 demon blade
  7235 | Orc:1    | Noticed Blork the orc
  7243 | Orc:1    | Killed Blork the orc
  7490 | Orc:2    | Entered Level 2 of the Orcish Mines
  7490 | Orc:2    | Found a staircase to the Elven Halls.
  7540 | Orc:2    | Noticed an orc knight
  7541 | Orc:2    | Noticed a cyclops
  7542 | Orc:2    | Noticed a cyclops
  7748 | D:9      | Bought a brightly glowing ring mail for 216 gold pieces
  7748 | D:9      | Identified the +1 ring mail of Vampiric Thralls {Str+3}
                  | (You bought it in a shop on level 9 of the Dungeon)
  7802 | D:10     | Entered Level 10 of the Dungeon
  7824 | D:10     | Found a staircase to the Lair.
  7857 | D:10     | Noticed a gargoyle
  7878 | D:9      | Slain by a wyvern

Illustrated notes

Levels and vault maps discovered:
D:1:      beargit_arrival_greenhouse, layout_rooms,
          hellmonk_ecumenical_altar_inner_sanctum
D:2:      layout_loops_ring
D:3:      layout_basic, serial_shops, shop_fountains
D:4:      layout_gridville
D:5:      layout_basic, uniq_ijyb
D:6:      layout_rooms, gup_sewer_entry_spiral,
          nicolae_concentric_dashed_squares_wild, uniq_crazy_yiuf_cottage,
          uniq_duvessa
D:7:      layout_basic, nicolae_overflow_hidden_temple,
          minmay_temple_entry_glassed_door, kennysheep_windowed_goal
D:8:      layout_gridville, serial_shops, kennysheep_little_box
D:9:      layout_cave_pools, orc_0_dummy, serial_shops, nicolae_lakefront_shop
D:10:     cheibrodos_shockbox, layout_loops_cross, minmay_lair_entry_grove,
          serial_shops, shop, uniq_lodul
Orc:1:    layout_caves, sword_in_stone, uniq_nergalle
Orc:2:    grunt_orc_gardens, layout_caves, grunt_orc_garden, grunt_orc_garden,
          grunt_orc_garden, grunt_orc_garden, nicolae_specific_store

Skill      XL: |  1  2  3  4  5  6  7  8  9 10 |
---------------+-------------------------------+-----
Invocations    | 1 2 3 4 5 6 |  6.3
Short Blades   | 1 2 3 5 |  5.8
Long Blades    | 1 2 3 5 |  5.8
Axes           | 1 2 3 5 |  5.8
Polearms       | 1 2 3 5 |  5.8
Staves         | 1 2 3 5 |  5.8
Ranged Weapons | 1 2 3 5 |  5.8
Throwing       | 1 2 3 5 |  5.8
Armour         | 1 2 3 5 |  5.8
Dodging        | 1 2 3 5 |  5.8
Stealth        | 1 2 3 5 |  5.8
Shields        | 1 2 3 5 |  5.8
Unarmed Combat | 1 2 3 5 |  5.8
Evocations     | 1 2 3 5 |  5.8
Spellcasting   | 3 4 5 6 |  6.5
Hexes          | 1 2 3 4 |  4.8
Summonings     | 1 2 3 4 |  4.8
Necromancy     | 1 2 3 4 |  4.8
Translocations | 1 2 3 4 |  4.8
Transmutations | 1 2 3 4 |  4.8
Fire Magic     | 1 2 3 4 |  4.8
Ice Magic      | 1 2 3 4 |  4.8
Air Magic      | 1 2 3 4 |  4.8
Earth Magic    | 1 2 3 4 |  4.8
Poison Magic   | 1 2 3 4 |  4.8
Fighting       | 5 6 7 |  7.4
Maces & Flails | 9 10 | 10.3
Conjurations   | 6 7 |  7.3

Action                     |  1- 3 |  4- 6 |  7- 9 | 10-12 || total
---------------------------+-------+-------+-------+-------++-------
  Melee: Mace              |    52 |    50 |    31 |       ||   133
         Bite              |     3 |     4 |    25 |     9 ||    41
         Punch             |       |     2 |     2 |       ||     4
         Flail             |       |       |   176 |    59 ||   235
   Cast: Magic Dart        |    48 |    31 |    21 |       ||   100
         Stone Arrow       |       |       |     3 |       ||     3
 Invoke: Draw Summoning    |     1 |     2 |     5 |     7 ||    15
         Draw Destruction  |     1 |     4 |     1 |       ||     6
         Draw Escape       |       |       |     1 |       ||     1
  Evoke: Wand              |       |       |    20 |       ||    20
    Use: Scroll            |     4 |     5 |    11 |       ||    20
         Potion            |       |       |       |     1 ||     1
   Stab: Sleeping          |       |       |     1 |       ||     1
 Armour: Leather armour    |    19 |    18 |    67 |    32 ||   136
  Dodge: Dodged            |    32 |    23 |    77 |    81 ||   213
  Block: Tower shield      |       |       |    67 |       ||    67
